 Dungeon Crawl Stone Soup version 0.25-a0-665-ga69d64035b (webtiles) character file.

Game seed: 11553649398720306448, levelgen mode: deterministic

1330 kae the Conjurer (level 8, -4/41 HPs)
             Began as a Tengu Fire Elementalist on Mar 26, 2020.
             Was an Initiate of Vehumet.
             Slain by a gnoll
             ... wielding a +0 halberd
              (9 damage)
             ... on level 4 of the Dungeon.
             The game lasted 00:07:02 (5514 turns).

kae the Conjurer (Tengu Fire Elementalist)          Turns: 5514, Time: 00:07:02

Health: -4/41      AC:  3    Str: 10    XL:     8   Next: 60%
Magic:  12/16      EV: 16    Int: 17    God:    Vehumet [......]
Gold:   222        SH:  4    Dex: 14    Spells: 5/16 levels left

rFire    . . .     SeeInvis .   l - +0 lajatang
rCold    . . .     Gourm    .   (shield currently unavailable)
rNeg     . . .     Faith    .   a - +1 robe
rPois    .         Spirit   .   (helmet restricted)
rElec    .         Reflect  +   (no cloak)
rCorr    .         Harm     .   (no gloves)
MR       .....                  (boots unavailable)
Stlth    ++........             i - +4 amulet of reflection
HPRegen  0.13/turn              p - +1 ring of evasion
MPRegen  0.15/turn              (no ring)

@: flying quickly and evasively, quick
A: beak, talons 3, able to fly
a: Stop Flying, Renounce Religion


You were on level 4 of the Dungeon.
You worshipped Vehumet.
Vehumet was noncommittal.
You were not hungry.

You visited 2 branches of the dungeon, and saw 7 of its levels.
You also visited: Sewer.

You collected 222 gold pieces.

Inventory:

Hand Weapons
 d - a +0 spear
 l - a +0 lajatang (weapon)
Armour
 a - a +1 robe (worn)
Jewellery
 i - a +4 amulet of reflection (around neck)
 j - a +4 ring of strength {unknown}
 k - an uncursed amulet of rage {unknown}
 p - a +1 ring of evasion (left hand)
Wands
 h - a wand of flame (23)
 q - a wand of iceblast (5)
 r - a wand of polymorph (9)
Scrolls
 e - 2 scrolls of teleportation
 m - 4 scrolls of fog
 o - a scroll of immolation
 t - 2 scrolls of identify
 u - a scroll of fear {unknown}
 v - a scroll of remove curse
 w - a scroll of enchant weapon {unknown}
Potions
 b - 2 potions of flight
 f - 3 potions of mutation {unknown}
 g - a potion of berserk rage {unknown}
 n - a potion of cancellation {unknown}
Comestibles
 c - 8 rations
 s - a chunk of flesh


   Skills:
 + Level 2.7 Staves
 - Level 2.1 Dodging
 - Level 2.0 Stealth
 + Level 4.8 Spellcasting
 + Level 7.8 Conjurations
 * Level 7.4 Fire Magic


You had 5 spell levels left.
You knew the following spells:

 Your Spells              Type           Power        Failure   Level  Hunger
a - Foxfire               Conj/Fire      ####         1%          1    None
b - Conjure Flame         Conj/Fire      ####....     1%          3    ###....
c - Inner Flame           Hex/Fire       ###.....     10%         3    ###....
d - Sticky Flame          Conj/Fire      ####....     6%          4    ####...

Your spell library contained the following spells:

 Spells                   Type           Power        Failure   Level  Hunger
 Fireball                 Conj/Fire      ####......   17%         5    ######.


Dungeon Overview and Level Annotations

Branches:
Dungeon (6/15)             Temple (1/1) D:5           Sewer (visited)

Altars:
Ashenzari
Cheibriados
Dithmenos
Elyvilon
Fedhas
Gozag
Hepliaklqana
Kikubaaqudgha
Makhleb
Okawaru
Qazlal
Ru
Sif Muna
Trog
Uskayaw
Vehumet
Xom
Yredelemnul
The Shining One

Shops:
D:5 [

Annotations:
D:3 Ijyb
D:6 Grinder


Innate Abilities, Weirdness & Mutations

You have a beak for a mouth.
You have claws for feet.
You can fly continuously.


Message History

The gnoll hits you with a +0 club!
The foxfire hits the gnoll!
The gnoll is heavily wounded.
The foxfire hits the gnoll.
The gnoll is almost dead.
The gnoll hits you from afar with a +0 halberd!
The gnoll hits you but does no damage.
Casting: Foxfire (safe; 1% risk of failure)
Confirm with . or Enter, or press ? or * to list all spells.
You conjure some foxfire!
The gnoll hits you from afar with a +0 halberd!
* * * LOW HITPOINT WARNING * * *
The gnoll completely misses you.
The foxfire hits the gnoll.
The gnoll is almost dead.
The foxfire hits the gnoll.
You kill the gnoll!
Vehumet accepts your kill.
The gnoll hits you from afar with a +0 halberd!
You die...

#(.##########.#
#..##....####.#
#..#.####....## #..#.#
######### ..#.#
#..'....#.
#g#.####.)#.88.#.
#g##....###.88.#.#
######).########....#..
#.....@.....)..#'####..
#.####ยง######....##....
#.# #.#####.##. #.#
#.####.....
#.######.#........
#.##..............
.....###.#........ #.#
#.......... ###........


You could see 2 gnolls.

Vanquished Creatures
  3 ice beasts
  2 phantoms
  2 ogres
  A crocodile (Sewer)
  A centaur (D:5)
  4 scorpions
  A crimson imp (D:5)
  A hound (D:5)
  3 jellies
  2 worker ants
  2 gnolls (D:4)
  3 adders
  2 oozes
  3 worms
  2 dart slugs
  8 leopard geckos
  An orc (D:4)
  13 bats
  A bat zombie (D:5)
  3 giant cockroaches
  6 goblins
  9 hobgoblins
  An iguana (D:2)
  17 jackals
  9 kobolds
  4 ball pythons
  7 frilled lizards
  A quokka skeleton (D:6)
  5 rats
  A rat zombie (D:5)
118 creatures vanquished.

Vanquished Creatures (others)
  298 foxfires
298 creatures vanquished.

Grand Total: 416 creatures vanquished

Notes
Turn   | Place    | Note
-------+----------+-------------------------------------------
     0 | D:1      | kae the Tengu Fire Elementalist began the quest for the
                  | Orb.
     0 | D:1      | Reached XP level 1. HP: 10/10 MP: 4/4
    32 | D:1      | Reached XP level 2. HP: 15/15 MP: 0/6
   237 | D:1      | Reached XP level 3. HP: 13/19 MP: 0/7
   848 | D:2      | Found a shimmering altar of Xom.
   993 | D:2      | Reached XP level 4. HP: 24/24 MP: 6/8
  1501 | D:2      | Found a sacrificial altar of Ru.
  1838 | D:2      | Gained mutation: You can fly continuously. [Tengu growth]
  1838 | D:2      | Reached XP level 5. HP: 20/28 MP: 7/10
  2570 | D:3      | Noticed Ijyb
  2570 | D:3      | You are sucked into a shaft and drop 3 floors!
  2643 | D:6      | Noticed an ogre
  2689 | D:6      | Noticed a phantom
  2714 | D:6      | Killed a phantom
  2714 | D:6      | Reached skill level 5 in Conjurations
  2714 | D:6      | Reached XP level 6. HP: 17/32 MP: 1/11
  2830 | D:6      | Learned a level 3 spell: Conjure Flame
  2834 | D:6      | Learned a level 3 spell: Inner Flame
  2839 | D:6      | Learned a level 4 spell: Sticky Flame
  2856 | D:6      | Noticed an ice beast
  2865 | D:6      | Killed an ice beast
  3152 | D:6      | Noticed Grinder
  3278 | D:5      | Entered Level 5 of the Dungeon
  3285 | D:5      | Reached skill level 5 in Fire Magic
  3304 | D:5      | Found a staircase to the Ecumenical Temple.
  3305 | D:5      | Found Atezoipn's Armour Shop.
  3311 | Temple   | Entered the Ecumenical Temple
  3629 | D:5      | Found a radiant altar of Vehumet.
  3638 | D:5      | Reached XP level 7. HP: 18/36 MP: 9/13
  3646 | D:5      | Became a worshipper of Vehumet
  3904 | D:5      | Found a glowing drain.
  3917 | Sewer    | Entered a sewer
  4373 | D:5      | Found an ancient bone altar of Kikubaaqudgha.
  4500 | D:5      | Reached skill level 1 in Staves
  4500 | D:5      | Reached XP level 8. HP: 40/41 MP: 8/15
  5514 | D:4      | Slain by a gnoll

Levels and vault maps discovered:
D:1:      nzn_arrival_crosshair, layout_rooms, st_stairs_5,
          corexii_corridor_pit, minmay_pentomino_u4
D:2:      layout_loops_ring, hangedman_ru_absence, dk_xom_monty_hall
D:3:      layout_basic, minmay_checkerbox, uniq_ijyb
D:4:      minmay_chambers_of_fours, layout_loops_ring, zin_statuary, uniq_edmund
D:5:      layout_loops_corners, lemuel_zombie_altar_kikubaaqudgha,
          vehumet_altar_wand_db, minmay_temple_entry_statues_pillars,
          first_ration, serial_shops, shop, cheibrodos_sewer_entry_bend,
          st_stairs_14
D:6:      layout_loops_corners, uniq_grinder, uniq_menkaure, uniq_pikel
Temple:   regret_index_temple_sphere_string

Skill      XL: |  1  2  3  4  5  6  7  8 |
---------------+-------------------------+-----
Conjurations   | 2 3 4 5 6 7 |  7.8
Fire Magic     | 4 5 6 7 |  7.4
Spellcasting   | 3 4 |  4.8
Staves         | 1 2 |  2.7
Dodging        | |  2.1
Stealth        | |  2.0

Action                   |  1- 3 |  4- 6 |  7- 9 || total
-------------------------+-------+-------+-------++-------
Melee: Unarmed           |     4 |       |       ||     4
       Kick              |     8 |    11 |    11 ||    30
       Spear             |    33 |    57 |    18 ||   108
       Peck              |     3 |     5 |     1 ||     9
       Lajatang          |       |       |    37 ||    37
 Cast: Foxfire           |    45 |    93 |    65 ||   203
       Sticky Flame      |       |       |     9 ||     9
 Abil: Fly               |       |     1 |       ||     1
  Use: Scroll            |       |     8 |     1 ||     9
 Stab: Sleeping          |       |     2 |     1 ||     3
  Eat: Chunk             |     1 |     6 |     3 ||    10
       Ration            |       |     1 |     1 ||     2
Armor: Robe              |    15 |    17 |     7 ||    39
Dodge: Dodged            |    27 |    80 |   101 ||   208
Block: Other             |       |     7 |    13 ||    20

Table legend:
 A = Non-vault XP
 B = Vault XP
 C = Vault XP percentage of total XP
 D = Non-vault monster count
 E = Vault monster count
 F = Vault count percentage of total count
                 A         B        C        D         E       F
            +---------+---------+-------+---------+---------+-------
      Total |    1525 |     375 |  19.7 |      95 |      23 |  19.5
            +---------+---------+-------+---------+---------+-------
        D:1 |      54 |       7 |  11.5 |      29 |       5 |  14.7
        D:2 |      69 |      88 |  56.1 |      23 |       3 |  11.5
        D:3 |      26 |       0 |   0.0 |      14 |       0 |   0.0
        D:4 |     341 |     109 |  24.2 |       7 |       4 |  36.4
        D:5 |     769 |      51 |   6.2 |      15 |       5 |  25.0
        D:6 |     266 |       0 |   0.0 |       7 |       0 |   0.0
      Sewer |       0 |     120 | 100.0 |       0 |       6 | 100.0
            +---------+---------+-------+---------+---------+-------
